 Dungeon Crawl Stone Soup version 0.28-a0-662-g1651b1f1e0 (webtiles) character file.

Game seed: 6980103903168484920

297 cheechan the Cudgeller (level 6, 0/43 HPs)
             Began as an Octopode Berserker on Oct 14, 2021.
             Was a Priest of Trog.
             Killed from afar by a dart slug (4 damage)
             ... with a slug dart
             ... on level 4 of the Dungeon.
             The game lasted 00:10:48 (4083 turns).

cheechan the Cudgeller (Octopode Berserker)         Turns: 4083, Time: 00:10:49

Health: 0/43       AC:  1    Str: 16    XL:     6   Next: 35%
Magic:  6/6        EV: 13    Int: 10    God:    Trog [***...]
Gold:   144        SH:  3    Dex: 13    Spells: 5/5 levels left

rFire   . . .      SeeInvis .   a - +0 mace
rCold   . . .      Faith    .   k - +0 buckler
rNeg    + . .      Spirit   .   (helmet restricted)
rPois   .          Reflect  .   (no amulet)
rElec   .          Harm     .   o - ring of positive energy
rCorr   .          Rampage  .   (no ring)
Will    .....                   (no ring)
Stlth   +++.......              (no ring)
HPRegen 0.14/turn               (no ring)
MPRegen 0.10/turn               (no ring)
                                (no ring)
                                (no ring)

@: on berserk cooldown, slowed, very slow
A: almost no armour, amphibious, 8 rings, camouflage 1, gelatinous body 1,
(nimble swimmer 1), tentacles
a: Renounce Religion, Berserk, Trog's Hand


You were on level 4 of the Dungeon.
You worshipped Trog.
Trog was most pleased with you.
You visited 1 branch of the dungeon, and saw 4 of its levels.

You collected 144 gold pieces.

Inventory:

Hand Weapons
 a - a +0 mace (weapon)
 j - a +0 whip
 p - a +0 dagger of draining
Missiles
 b - 50 bolts
 c - 46 poisoned darts (quivered)
 d - 20 arrows
 f - 40 sling bullets
 i - 101 stones
Armour
 k - a +0 buckler (worn)
Jewellery
 o - a ring of positive energy (left tentacle)
Wands
 l - a wand of polymorph (3)
 m - a wand of flame (20)
Scrolls
 e - 3 scrolls of teleportation
Potions
 g - 2 potions of curing
 h - a potion of berserk rage {unknown}
 n - 2 potions of degeneration {unknown}
 q - a potion of brilliance {unknown}


   Skills:
 + Level 4.0 Fighting
 + Level 5.2 Maces & Flails
 + Level 4.1 Dodging
 + Level 2.4 Stealth
 + Level 0.3 Shields


You had 5 spell levels left.
You didn't know any spells.
Your spell library was empty.

Dungeon Overview and Level Annotations

Branches:
Dungeon (4/15)
 Temple: D:4-7

Altars:
Fedhas
Ru
Xom


Innate Abilities, Weirdness & Mutations

You cannot wear most types of armour.
You are amphibious.
You can wear up to eight rings at the same time.
Your skin changes colour to match your surroundings (Stealth+).
Your rubbery body absorbs attacks. (AC +1, EV +1)
((You are camouflaged near water. (Stealth+)))
You have tentacles for arms and can constrict up to eight enemies at once.


Message History

Trog accepts your kill. The endoplasm closely misses you.
You hit the endoplasm but do no damage. The iguana closely misses you.
The endoplasm hits you.
The iguana bites you but does no damage.
The endoplasm closely misses you.
You hit the endoplasm.
The endoplasm is lightly wounded.
The iguana bites you. The endoplasm hits you. The iguana bites you!
The endoplasm freezes you.
You are frozen.
You completely miss the endoplasm. You squeeze the endoplasm.
You kill the endoplasm!
Trog accepts your kill. The iguana misses you. x2
You hit the iguana. You grab the iguana.
The iguana is lightly wounded.
You constrict the iguana, but do no damage.
The iguana closely misses you.
A dart slug comes into view.
The iguana misses you.
You hit the iguana but do no damage.
The iguana is lightly wounded.
You constrict the iguana. The iguana bites you!
* * * LOW HITPOINT WARNING * * *
The iguana closely misses you.
You hit the iguana.
The iguana is almost dead.
You constrict the iguana.
You kill the iguana!
Trog accepts your kill.
Things that are here:
a viscous puce potion; a hobgoblin corpse Your shield prevents you from hitting the dart slug.
You grab the dart slug. You squeeze the dart slug!
The dart slug is severely wounded.
You constrict the dart slug. The dart slug launches a dart at you.
The slug dart hits you.
You die...

###..#...#..
##..#...#...#...#.
#.#...#...#...#..
#...#...#...#...#
#.#...#...#...#. #.
#...#...#...#.. #...
#.#...#...#...#...#
###...#...#...#...#
#...#...#...#.@w#
###.....#...#)).#...#
#...#.#...#..)#.:.#...#
..###|..#...#...#...#...
.## #.#...#...#...#...#.
.# ##..#...#...#...#..
..# ###..#...#...#.. #
..# #....#...#...#. #..#
#####..#...#..


You could see a dart slug.

Vanquished Creatures
  An orc priest (D:3)
  Jessica (D:3)
  2 iguanas (D:4)
  A hound skeleton (D:4)
  Robin (D:3)
  4 adders
  2 worms
  3 dart slugs
  8 orcs
  15 ball pythons
  5 bats
  5 endoplasms
  3 giant cockroaches
  14 goblins
  10 hobgoblins
  15 jackals
  6 kobolds
  2 quokkas (D:2)
  3 frilled lizards
  8 rats
109 creatures vanquished.

Vanquished Creatures (others)
  5 plants (D:1)
  A withered plant (D:1)
6 creatures vanquished.

Grand Total: 115 creatures vanquished

Notes
Turn   | Place    | Note
-------+----------+-------------------------------------------
     0 | D:1      | cheechan the Octopode Berserker began the quest for the
                  | Orb.
     0 | D:1      | Reached XP level 1. HP: 16/16 MP: 1/1
    38 | D:1      | Reached XP level 2. HP: 14/21 MP: 2/2
   646 | D:1      | Reached XP level 3. HP: 16/26 MP: 3/3
   651 | D:1      | Reached ** piety under Trog
  1028 | D:1      | Found a faded altar of an unknown god.
  1562 | D:2      | Reached XP level 4. HP: 32/32 MP: 4/4
  1655 | D:2      | Found a shimmering altar of Xom.
  1718 | D:2      | Reached skill level 1 in Stealth
  1956 | D:2      | Reached skill level 4 in Maces & Flails
  2175 | D:3      | Reached XP level 5. HP: 15/37 MP: 5/5
  2745 | D:3      | Reached *** piety under Trog
  2745 | D:3      | Noticed Robin
  2762 | D:3      | Killed Robin
  2956 | D:3      | Noticed Jessica
  2965 | D:3      | Killed Jessica
  3109 | D:3      | Found a sacrificial altar of Ru.
  3111 | D:3      | Found a blossoming altar of Fedhas.
  3851 | D:4      | Reached XP level 6. HP: 43/43 MP: 6/6
  3853 | D:4      | Reached skill level 5 in Maces & Flails
  4083 | D:4      | Killed from afar by a dart slug

Illustrated notes

Levels and vault maps discovered:
D:1:      onia_arrival_mini_spirals, layout_rooms,
          ebering_ecumenical_altar_petrified, serial_bayou_pond_a
D:2:      layout_basic, basic_altar
D:3:      minmay_recursive_quarters, layout_loops_corners,
          grunt_temple_overflow_open, uniq_jessica, uniq_robin
D:4:      layout_cave_pods, nemelex_spade_bored_becter,
          nicolae_gozag_cash_rules_everything_around_me, hex_large,
          chequers_serial_rivers_small_b

Skill      XL: |  1  2  3  4  5  6 |
---------------+-------------------+-----
Stealth        | 1 2 |  2.4
Maces & Flails | 4 5 |  5.2
Fighting       | 4 |  4.0
Dodging        | 4 |  4.1
Shields        | |  0.3

Action                   |  1- 3 |  4- 6 || total
-------------------------+-------+-------++-------
Melee: Mace              |    76 |   126 ||   202
       Constrict         |    22 |    35 ||    57
       Tentacles         |    12 |    29 ||    41
Invok: Berserk           |     3 |     4 ||     7
  Use: Scroll            |     3 |     3 ||     6
 Stab: Sleeping          |     2 |     5 ||     7
Armor: Skin              |    11 |    16 ||    27
Dodge: Dodged            |    82 |   100 ||   182
Block: Buckler           |       |    15 ||    15

Table legend: (Time is in decaauts)
 A = Elapsed time spent in this place.
 B = Non-inter-level travel time spent in this place.
 C = Inter-level travel time spent in this place.
 D = Time resting spent in this place.
 E = Time spent auto-exploring this place.
 F = Levels seen in this place.
 G = Mean time per level.
                   A        B        C        D        E       F      G
               +--------+--------+--------+--------+--------+-----+--------+
         Total |   4184 |   4184 |      0 |   1520 |      0 |   4 | 1046.0 |
       Dungeon |   4184 |   4184 |      0 |   1520 |      0 |   4 | 1046.0 |
               +--------+--------+--------+--------+--------+-----+--------+

Top non-repeatable levels by time:
     D:3: 1705 daAuts
     D:1: 1375 daAuts
     D:2: 848 daAuts
     D:4: 254 daAuts
